 Dungeon Crawl Stone Soup version 0.27-a0-328-g7f782ed93a (webtiles) character file.

Game seed: 3110953068507224088

2634 dolemite99 the Cleaver (level 9, -6/75 HPs)
             Began as a Hill Orc Fighter on Feb 12, 2021.
             Was an Initiate of Gozag.
             Mangled by Prince Ribbit (12 damage)
             ... on level 8 of the Dungeon.
             The game lasted 00:11:57 (11388 turns).

dolemite99 the Cleaver (Hill Orc Fighter)          Turns: 11388, Time: 00:11:57

Health: -6/75      AC: 13    Str: 22    XL:     9   Next: 61%
Magic:  9/9        EV:  5    Int:  8    God:    Gozag
Gold:   92         SH:  9    Dex: 10    Spells: 8/8 levels left

rFire    + . .     SeeInvis .   a - +0 war axe (holy)
rCold    + + .     Faith    .   c - +0 kite shield
rNeg     . . .     Spirit   .   E - +1 chain mail {Will+}
rPois    .         Reflect  .   l - +0 helmet
rElec    .         Harm     .   d - scarf {rC+ rF+}
rCorr    .         Rampage  .   (no gloves)
Will     ++...                  y - +0 pair of boots
Stlth    ..........             (no amulet)
HPRegen  0.22/turn              D - ring of protection from cold
MPRegen  0.11/turn              h - ring of willpower

@: mighty, gold aura, very slightly contaminated
A: no striking features
a: Renounce Religion, Potion Petition, Call Merchant, Bribe Branch


You were on level 8 of the Dungeon.
You worshipped Gozag.
Gozag was noncommittal.
You visited 1 branch of the dungeon, and saw 8 of its levels.
You also visited: Sewer.

You collected 778 gold pieces.
You spent 290 gold pieces at shops.
You paid 396 gold pieces to Gozag.

Inventory:

Hand Weapons
 a - a +0 war axe of holy wrath (weapon)
 b - a +0 hunting sling
 u - a +2 dagger of venom
 G - a +0 war axe
 H - a +0 battleaxe of flaming
 I - a +0 shortbow
Missiles
 k - 32 poisoned darts (quivered)
 v - 162 stones
 x - 124 arrows
 C - 43 bolts
Armour
 c - a +0 kite shield (worn)
 d - a scarf of resistance (worn)
 l - a +0 helmet (worn)
 p - a +0 chain mail
 t - a +0 scale mail
 y - a +0 pair of boots (worn)
 B - a +0 plate armour
 E - a +1 chain mail of willpower (worn)
Jewellery
 h - a ring of willpower (right hand)
 D - a ring of protection from cold (left hand)
Wands
 F - a wand of random effects (28)
 L - a wand of flame (11)
Scrolls
 e - a scroll of enchant weapon {unknown}
 f - a scroll of blinking {unknown}
 i - 3 scrolls of fear {unknown}
 j - a scroll of teleportation
 m - 3 scrolls of enchant armour {unknown}
 n - a scroll of fog {unknown}
 o - a scroll of magic mapping
 w - 3 scrolls of immolation
 K - a scroll of amnesia
Potions
 g - a potion of lignification {unknown}
 s - a potion of degeneration {unknown}
 z - a potion of ambrosia
 A - a potion of attraction
 J - a potion of mutation {unknown}


   Skills:
 - Level 5.8 Fighting
 + Level 14.5 Axes
 - Level 5.2 Armour
 - Level 3.2 Shields


You had 8 spell levels left.
You didn't know any spells.
Your spell library contained the following spells:

 Spells                   Type           Power        Failure   Level
 Summon Small Mammal      Summ           0%           100%        1
 Call Imp                 Summ           0%           100%        2
 Call Canine Familiar     Summ           0%           100%        3
 Confusing Touch          Hex            0%           100%        3
 Gell's Gravitas          Tloc           0%           100%        3
 Summon Guardian Golem    Hex/Summ       0%           100%        3
 Petrify                  Tmut/Erth      0%           100%        4
 Summon Ice Beast         Ice/Summ       0%           100%        4
 Summon Lightning Spire   Summ/Air       0%           100%        4
 Bolt of Magma            Conj/Fire/Erth 0%           100%        5
 Iskenderun's Battlesphe  Conj           0%           100%        5
 Metabolic Englaciation   Hex/Ice        0%           100%        5
 Yara's Violent Unravell  Hex/Tmut       0%           100%        5
 Iron Shot                Conj/Erth      0%           100%        6
 Orb of Destruction       Conj           0%           100%        7
 Spellforged Servitor     Conj/Summ      0%           100%        7


Dungeon Overview and Level Annotations

Branches:
Dungeon (8/15)             Temple (0/1) D:7           Sewer (visited)
   Lair: D:8-11

Altars:
Elyvilon
Gozag
Kikubaaqudgha
Makhleb
Nemelex Xobeh
Ru
Sif Muna
Wu Jian
The Shining One

Shops:
D:4 ([=(

Annotations:
D:5 exclusion: door
D:8 Maurice, Prince Ribbit


Message History

The wyvern bites you but does no damage.
The wolf bites you but does no damage.
You slice the wyvern!!
The wyvern is almost dead.
You slash the jackal!
You kill the jackal!
You barely miss Prince Ribbit. You hit the hound. You closely miss the wolf.
Prince Ribbit becomes distracted by the nearby gold, dreaming of imaginary riches.
The hound bites you but does no damage. The wolf bites you.
* * * LOW HITPOINT WARNING * * *
You block the wyvern's attack. The hound bites you but does no damage.
The wolf bites you.
* * * LOW HITPOINT WARNING * * *
Prince Ribbit gives a loud, deep croak!
Your shield and chain mail prevent you from hitting Prince Ribbit.
Prince Ribbit is no longer distracted by gold.
Prince Ribbit is heavily wounded.
You hit the jackal.
You kill the jackal!
You slash the wyvern!
You kill the wyvern!
You miss the wolf. You slash the hound!
You kill the hound!
You block Prince Ribbit's attack.
The adder skeleton becomes distracted by the nearby gold, dreaming of imaginary riches.
The adder becomes distracted by the nearby gold, dreaming of imaginary riches.
You block the wolf's attack.
Prince Ribbit blinks!
You closely miss the wolf.
The wolf is heavily wounded.
Your chain mail prevents you from hitting Prince Ribbit.
The wolf bites you but does no damage. Prince Ribbit completely misses you.
You block the wolf's attack. The jackal bites you.
* * * LOW HITPOINT WARNING * * *
You hit the wolf.
The wolf is severely wounded.
You barely miss Prince Ribbit. You slash the jackal!
You kill the jackal!
Prince Ribbit hits you!
You die...
Your body crumbles into a pile of gold.

##.######
........##
...SO....###
.s>....#....#
.h.....#
##..#
...Z...# #..
#......#
###.####
.......#
#...Z$h#
.......#
#..:S$@#
.......#
#....F$#
.......#
#......#
#......#
##..#### #
.###...# .#
....s.##
..###.# ..h
#.F$h.#....
#Yl.hh.....


You could see Prince Ribbit, a wolf, a scorpion, an adder and an adder skeleton.

Vanquished Creatures
  A wyvern (D:8)
  Grum (D:8)
  3 orc warriors
  An ice beast (D:7)
  A sky beast (D:5)
  Purgy (Sewer)
  3 ogres
  2 wolves (D:7)
  2 centaurs (D:7)
  A phantom (D:7)
  A kobold brigand (D:7)
  Blork the orc (D:5)
  A water moccasin zombie (D:7)
  2 jellies
  A wight (D:7)
  A howler monkey (D:6)
  A centaur zombie (D:7)
  3 hounds
  2 orc priests (D:5)
  An iguana (D:4)
  9 orc wizards
  3 worker ants
  A hound skeleton (D:8)
  A howler monkey zombie (D:8)
  7 adders
  A white imp (D:6)
  2 ufetubi (D:6)
  2 oozes
  2 adder skeletons (D:4)
  6 worms
  3 dart slugs
  7 leopard geckos
  32 orcs
  3 ball pythons
  9 giant cockroaches
  6 hobgoblins
  12 jackals
  2 quokkas (D:5)
  11 bats
  8 frilled lizards
  3 goblins
  10 kobolds
  5 rats
175 creatures vanquished.

Vanquished Creatures (others)
  2 plants (D:3)
2 creatures vanquished.

Grand Total: 177 creatures vanquished

Notes
Turn   | Place    | Note
-------+----------+-------------------------------------------
     0 | D:1      | dolemite99 the Hill Orc Fighter began the quest for the
                  | Orb.
     0 | D:1      | Reached XP level 1. HP: 19/19 MP: 1/1
    80 | D:1      | Reached skill level 3 in Axes
   159 | D:1      | Reached XP level 2. HP: 22/26 MP: 2/2
   496 | D:1      | Reached skill level 4 in Axes
   798 | D:2      | Noticed an ogre
   803 | D:2      | Killed an ogre
   804 | D:2      | Reached skill level 6 in Axes
   804 | D:2      | Reached XP level 3. HP: 23/31 MP: 3/3
   804 | D:2      | Reached XP level 4. HP: 29/39 MP: 4/4
   927 | D:2      | Reached XP level 5. HP: 45/45 MP: 5/5
  1361 | D:2      | Reached skill level 7 in Axes
  2548 | D:3      | Found a shimmering blue altar of Sif Muna.
  2829 | D:3      | Found a sparkling altar of Nemelex Xobeh.
  2900 | D:3      | Reached skill level 8 in Axes
  2900 | D:3      | Reached XP level 6. HP: 36/51 MP: 6/6
  3467 | D:4      | Found Wuodwad's Weapon Shop.
  3473 | D:4      | Bought a +0 hunting sling for 16 gold pieces
  3473 | D:4      | Bought 15 stones for 16 gold pieces
  3473 | D:4      | Bought 9 stones for 9 gold pieces
  3501 | D:4      | Found a glowing drain.
  3506 | Sewer    | Entered a sewer
  3630 | Sewer    | Noticed Purgy
  3654 | Sewer    | Killed Purgy
  3809 | D:4      | Reached skill level 9 in Axes
  3856 | D:4      | Found Cyer's Jewellery Shoppe.
  3919 | D:4      | Reached XP level 7. HP: 55/57 MP: 7/7
  3965 | D:4      | Found Faqifim's Antique Weapon Boutique.
  4002 | D:4      | Found Hyczaxet's Antique Armour Shoppe.
  4033 | D:4      | Reached skill level 10 in Axes
  5192 | D:5      | Entered Level 5 of the Dungeon
  5205 | D:4      | Bought a pair of boots for 99 gold pieces
  5230 | D:5      | Found an opulent altar of Gozag.
  5601 | D:5      | Became a worshipper of Gozag Ym Sagoz the Greedy
  5696 | D:5      | Noticed Blork the orc
  5704 | D:5      | Killed Blork the orc
  5904 | D:5      | Found a glowing golden altar of the Shining One.
  6072 | D:5      | Reached skill level 5 in Fighting
  6072 | D:5      | Reached XP level 8. HP: 40/68 MP: 8/8
  6596 | D:5      | Reached skill level 5 in Armour
  7559 | D:4      | Bought a +0 battleaxe of flaming for 150 gold pieces
  7717 | D:6      | Found an ancient bone altar of Kikubaaqudgha.
  7979 | D:6      | Found a burning altar of Makhleb.
  8118 | D:6      | Reached skill level 11 in Axes
  8841 | D:7      | Found a glowing golden altar of the Shining One.
  8859 | D:7      | Found a staircase to the Ecumenical Temple.
  8959 | D:7      | Found an ornate altar of the Wu Jian Council.
  8973 | D:7      | Reached skill level 12 in Axes
  9053 | D:7      | Reached XP level 9. HP: 75/75 MP: 9/9
  9307 | D:7      | Found a sacrificial altar of Ru.
  9318 | D:7      | Found a white marble altar of Elyvilon.
  9444 | D:8      | Noticed Maurice
  9450 | D:7      | Reached skill level 13 in Axes
  9944 | D:8      | Noticed Grum
 11166 | D:8      | Killed Grum
 11167 | D:8      | Reached skill level 14 in Axes
 11354 | D:8      | Noticed Prince Ribbit
 11360 | D:8      | Noticed a two-headed ogre
 11388 | D:8      | Mangled by Prince Ribbit

Illustrated notes

Levels and vault maps discovered:
D:1:      roderic_chinese_lattice_arrival, layout_loops_ring, serial_glass,
          glass_columns_a, glass_columns_c, glass_columns_c, glass_columns_a,
          minmay_strange_pillars, feat_on_display
D:2:      layout_basic, roderic_serpentine_path
D:3:      layout_rooms, old_standard_altar, serial_bayou_pond_c,
          nemelex_xobeh_ov_fountains_minmay
D:4:      layout_cave_pods, portal_sewer_entry_e, serial_shops, shop, shop,
          shop, shop_statue
D:5:      layout_basic, lemuel_round_altar, grunt_gozag_breadcrumbs,
          uniq_blork_the_orc
D:6:      layout_gridville, nicolae_overflow_hidden_temple,
          lightli_temple_of_fire
D:7:      layout_rooms, lemuel_round_altar, minitemple,
          minmay_temple_entry_glassed_door, tso_metal_star
D:8:      layout_rooms, nicolae_overflow_crystal_walls, uniq_erica,
          uniq_prince_ribbit1, uniq_maurice, uniq_psyche, uniq_grum

Skill      XL: |  1  2  3  4  5  6  7  8  9 |
---------------+----------------------------+-----
Axes           | 3 6 8 9 10 12 14 | 14.5
Fighting       | 5 |  5.8
Armour         | 4 5 |  5.2
Shields        | |  3.2

Action                   |  1- 3 |  4- 6 |  7- 9 || total
-------------------------+-------+-------+-------++-------
Melee: War axe           |    53 |   195 |   318 ||   566
       Dagger            |       |     3 |    25 ||    28
 Fire: Hunting sling     |       |    16 |    25 ||    41
Throw: Dart              |    12 |    56 |    22 ||    90
Invok: Potion Petition   |       |       |     1 ||     1
  Use: Potion            |     1 |     5 |     4 ||    10
       Scroll            |       |       |    10 ||    10
 Stab: Invisible         |       |     4 |     4 ||     8
Armor: Scale mail        |    34 |    39 |       ||    73
       Chain mail        |       |   124 |   222 ||   346
Dodge: Dodged            |    21 |    83 |    78 ||   182
Block: Kite shield       |    35 |   118 |   191 ||   344

Table legend: (Time is in decaauts)
 A = Elapsed time spent in this place.
 B = Non-inter-level travel time spent in this place.
 C = Inter-level travel time spent in this place.
 D = Time resting spent in this place.
 E = Time spent auto-exploring this place.
 F = Levels seen in this place.
 G = Mean time per level.
                   A        B        C        D        E       F      G
               +--------+--------+--------+--------+--------+-----+--------+
         Total |  11573 |  10957 |    616 |   4272 |   4659 |   9 | 1285.9 |
       Dungeon |  11305 |  10689 |    616 |   4272 |   4495 |   8 | 1413.1 |
         Sewer |    267 |    267 |      0 |      0 |    164 |   1 |  267.0 |
               +--------+--------+--------+--------+--------+-----+--------+

Top non-repeatable levels by time:
     D:7: 2339 daAuts
     D:5: 1933 daAuts
     D:4: 1859 daAuts
     D:2: 1576 daAuts
     D:6: 1366 daAuts
     D:3: 1224 daAuts
     D:1: 746 daAuts
   Sewer: 267 daAuts
     D:8: 259 daAuts
